 Dungeon Crawl Stone Soup version 0.25-a0-730-g633e9c3c14 (webtiles) character file.

Game seed: 756049739533842718, levelgen mode: deterministic

10 Lugonue the Stinger (level 2, -3/15 HPs)
             Began as a Tengu Venom Mage on Apr 7, 2020.
             Slain by a leopard gecko (5 damage)
             ... on level 1 of the Dungeon.
             The game lasted 00:01:43 (838 turns).

Lugonue the Stinger (Tengu Venom Mage)               Turns: 838, Time: 00:01:43

Health: -3/15      AC:  3    Str:  8    XL:     2   Next: 20%
Magic:  4/6        EV: 12    Int: 15    God:
Gold:   6          SH:  0    Dex: 14    Spells: 4/5 levels left

rFire    . . .     SeeInvis .   (no weapon)
rCold    . . .     Gourm    .   (no shield)
rNeg     . . .     Faith    .   e - +0 leather armour (curse)
rPois    .         Spirit   .   (helmet restricted)
rElec    .         Reflect  .   (no cloak)
rCorr    .         Harm     .   (no gloves)
MR       .....                  (boots unavailable)
Stlth    ++........             (no amulet)
HPRegen  0.05/turn              (no ring)
MPRegen  0.10/turn              (no ring)

@: very slightly contaminated
A: beak, talons 3
a: no special abilities


You were on level 1 of the Dungeon.
You were not hungry.

You visited 1 branch of the dungeon, and saw 1 of its levels.

You collected 6 gold pieces.

Inventory:

Missiles
 d - 4 atropa-tipped darts (quivered)
Armour
 a - a +0 robe
 e - a cursed +0 leather armour (worn)
Jewellery
 f - an uncursed ring of protection from cold
Scrolls
 g - a scroll of identify {unknown}
Potions
 b - a potion of heal wounds {unknown}
Comestibles
 c - 2 rations
 h - 3 chunks of flesh


   Skills:
 + Level 2.5 Dodging
 + Level 2.1 Stealth
 + Level 2.0 Spellcasting
 + Level 0.8 Transmutations
 + Level 3.2 Poison Magic


You had 4 spell levels left.
You knew the following spells:

 Your Spells              Type           Power        Failure   Level  Hunger
a - Sting                 Tmut/Pois      #...         14%         1    #......

Your spell library contained the following spells:

 Spells                   Type           Power        Failure   Level  Hunger
 Poisonous Vapours        Pois/Air       #.....       26%         2    ###....
 Ignite Poison            Fire/Tmut/Pois #.......     50%         3    ###....
 Mephitic Cloud           Conj/Pois/Air  #.......     52%         3    ###....
 Olgreb's Toxic Radiance  Pois           ##......     63%         4    #####..


Dungeon Overview and Level Annotations

Branches:
Dungeon (1/15)

Altars:


Innate Abilities, Weirdness & Mutations

You have a beak for a mouth.
You have claws for feet.


Message History

The atropa-tipped dart closely misses the leopard gecko.
The leopard gecko bites you.
* * * LOW HITPOINT WARNING * * *
The leopard gecko closely misses you.
The leopard gecko looks more healthy.
The leopard gecko bites you but does no damage.
Casting: Sting (safe; 14% risk of failure)
Confirm with . or Enter, or press ? or * to list all spells.
Aiming: Sting (safe; 14% risk of failure)
Press: ? - help, Shift-Dir - straight line, f/p - leopard gecko
Aim: a leopard gecko (moderately wounded)
The sting misses the leopard gecko.
The leopard gecko closely misses you.
Throwing (i - inventory)
d - 5 atropa-tipped darts (quivered)
Press: ? - help, Shift-Dir - straight line, f/p - leopard gecko
Aim: a leopard gecko (moderately wounded, chance to blind on hit: 100%)
You throw an atropa-tipped dart.
The atropa-tipped dart misses the leopard gecko.
The leopard gecko misses you. The leopard gecko bites you.
You die...

..l...'........#
...b.#.......## ...
#s##...## K #.# #'##
#.###(# #..##)#
#..##.##
#.##########......###
#....@l(s....#......#
##.#..##............##
#.....######.......
#####.# #.....## ..#
#.....# #### ##.####
#.# #.# ####.#####


You could see a leopard gecko and a giant cockroach.

Vanquished Creatures
  A dart slug (D:1)
  2 goblins (D:1)
  A kobold (D:1)
  3 bats (D:1)
  A rat (D:1)
8 creatures vanquished.

Notes
Turn   | Place    | Note
-------+----------+-------------------------------------------
     0 | D:1      | Lugonue the Tengu Venom Mage began the quest for the Orb.
     0 | D:1      | Reached XP level 1. HP: 10/10 MP: 4/4
   636 | D:1      | Reached XP level 2. HP: 13/15 MP: 4/6
   838 | D:1      | Slain by a leopard gecko

Levels and vault maps discovered:
D:1:      heliophobic_arrival_glass_houses, layout_loops_corners,
          chequers_serial_rivers_small_3, minivault_25

Action                   || total
-------------------------++-------
Melee: Unarmed           ||    34
       Kick              ||     2
       Peck              ||     2
Throw: Dart              ||     5
 Cast: Sting             ||    12
Armor: Robe              ||     6
       Leather armour    ||     4
Dodge: Dodged            ||    40

Table legend:
 A = Non-vault XP
 B = Vault XP
 C = Vault XP percentage of total XP
 D = Non-vault monster count
 E = Vault monster count
 F = Vault count percentage of total count
                 A         B        C        D         E       F
            +---------+---------+-------+---------+---------+-------
      Total |      15 |       0 |   0.0 |       8 |       0 |   0.0
            +---------+---------+-------+---------+---------+-------
        D:1 |      15 |       0 |   0.0 |       8 |       0 |   0.0
            +---------+---------+-------+---------+---------+-------
